[Event "*** Titled Tuesday Blitz"]
[Site "Chess.com"]
[Date "2020.04.14"]
[Round "1"]
[White "WiktoriaPOL"]
[Black "AustrianFalcon"]
[Result "0-1"]
[WhiteElo "2133"]
[BlackElo "2552"]
[TimeControl "180+1"]
[EndTime "10:04:30 PDT"]
[Termination "AustrianFalcon won by resignation"]

1. e4 g6 2. d4 Bg7 3. Be3 d6 4. Qd2 a6 5. Nf3 Nd7 6. Be2 b5 7. O-O Bb7 8. Bd3 Ngf6 9. d5 c6 10. dxc6 Bxc6 11. Nc3 b4 12. Nd5 Nxd5 13. exd5 Bxd5 14.
Qxb4 Bxf3 15. gxf3 O-O 16. c3 Qc8 17. Be4 Rb8 18.
Qa3 Ne5 19. f4 Nc4 20. Qa4 Nxb2 21. Qa5 Nc4 22. Qd5 Nxe3 23. fxe3 Qxc3 24. Rae1 Rb2 25.
Qd3 Qxd3 26. Bxd3 Rxa2 27. f5 a5 28. fxg6 hxg6 29. e4 Bd4+ 30. Kh1 0-1

[Event "*** Titled Tuesday Blitz"]
[Site "Chess.com"]
[Date "2020.04.14"]
[Round "1"]
[White "Bykov_Egor"]
[Black "anushanlv"]
[Result "1-0"]
[WhiteElo "2543"]
[BlackElo "2105"]
[TimeControl "180+1"]
[EndTime "10:04:30 PDT"]
[Termination "Bykov_Egor won by resignation"]

1. d4 d5 2. c4 c6 3. Nf3 Nf6 4. Nc3 e6 5. e3 Nbd7 6. Qc2 b6 7. b3 Bb7 8. Bb2 Rc8 9. Bd3 Bd6 10. O-O O-O 11. e4 dxe4 12. Nxe4 Nxe4 13. Bxe4 Nf6 14. Bd3 h6 15. Rad1 c5 16. Qe2 cxd4 17. Nxd4 Qc7 18.
h3 a6 19. Bb1 Rfd8 20. Nxe6 Qc6 21. Rd5 Nxd5 22. Qg4 g6 23. Bxg6 Nf6 24. Bh7+ 1-0

[Event "*** Titled Tuesday Blitz"]
[Site "Chess.com"]
[Date "2020.04.14"]
[Round "1"]
[White "ChessicallyInclined"]
[Black "julinha97"]
[Result "1-0"]
[WhiteElo "2561"]
[BlackElo "2164"]
[TimeControl "180+1"]
[EndTime "10:04:31 PDT"]
[Termination "ChessicallyInclined won by resignation"]

1. d4 Nf6 2. c4 g6 3. h4 d5 4. Nc3 dxc4 5. e4 c5 6. d5 b5 7. e5 b4 8. exf6 bxc3 9. Bxc4 exf6 10. bxc3 Bg7 11. h5 O-O 12. hxg6 fxg6 13. d6+ Kh8 14. Qf3 Ba6 15. Rxh7+ 1-0

[Event "*** Titled Tuesday Blitz"]
[Site "Chess.com"]
[Date "2020.04.14"]
[Round "1"]
[White "TST2014"]
[Black "Tall-guy"]
[Result "1-0"]
[WhiteElo "2530"]
[BlackElo "2054"]
[TimeControl "180+1"]
[EndTime "10:04:34 PDT"]
[Termination "TST2014 won by resignation"]

1. d4 d5 2. c4 c6 3. Nf3 Nf6 4.
Nc3 dxc4 5. a4 Bf5 6. e3 e6 7. Bxc4 Bb4 8. O-O O-O 9. Qe2 Bg4 10.
h3 Bh5 11. Rd1 Nbd7 12. e4 Qa5 13. Bd2 e5 14. d5 cxd5 15. Nxd5 Nxd5 16. Bxd5 Bxf3 17. gxf3 Bxd2 18. Qxd2 Qb6 19. a5 Qg6+ 20. Kh2 Nf6 21. Bxb7 Qh5 22. Bxa8 Qxf3 23. Bd5 Nh5 24. Ra3 Qf6 25. Rg1 Nf4 26. Rag3 g6 27. b4 h5 28. b5 h4 29. Rg4 Rc8 30. Qxf4 exf4 31. Rxg6+ Qxg6 32. Rxg6+ Kf8 33. Rf6 1-0

[Event "*** Titled Tuesday Blitz"]
[Site "Chess.com"]
[Date "2020.04.14"]
[Round "1"]
[White "paradise10"]
[Black "SameerMujumdar"]
[Result "1/2-1/2"]
[WhiteElo "2762"]
[BlackElo "2408"]
[TimeControl "180+1"]
[EndTime "10:04:35 PDT"]
[Termination "Game drawn by agreement"]

1. e4 c5 2. c4 Nc6 3. Nc3 g6 4. Nf3 Bg7 5. Be2 e6 6. O-O Nge7 7. d3 O-O 8. Be3 b6 9. d4 cxd4 10. Nxd4 Nxd4 11. Bxd4 Bxd4 12. Qxd4 Nc6 13. Qd6 Qe7 14.
Nb5 Qxd6 15. Nxd6 Ba6 16. Rfe1 Rfd8 17. Rad1 Kf8 18. b3 Ne7 19. f4 Nc8 20. e5 Nxd6 21. Rxd6 Bb7 22. Red1 Ke7 23. Bf3 Bxf3 24. gxf3 Rac8 25.
Kf1 Rc6 26. Kf2 Rxd6 27. Rxd6 Rc8 28. Ke3 Rc6 29. Rxc6 dxc6 30. b4 Kd7 31. Kd4 Ke7 32.
a4 h6 33. h4 Kd7 34. a5 Kc7 1/2-1/2

[Event "*** Titled Tuesday Blitz"]
[Site "Chess.com"]
[Date "2020.04.14"]
[Round "1"]
[White "viktorskliarov"]
[Black "eightbyeightchess"]
[Result "1-0"]
[WhiteElo "2645"]
[BlackElo "2296"]
[TimeControl "180+1"]
[EndTime "10:04:35 PDT"]
[Termination "viktorskliarov won by resignation"]

1. e4 e6 2. d4 d5 3. e5 c5 4. c3 Qb6 5. Nf3 Bd7 6. Be2 Bb5 7. c4 dxc4 8. Nc3 Nc6 9. d5 exd5 10. Nxd5 Qa5+ 11.
Bd2 Qd8 12. Bc3 Nge7 13. Ne3 Nb4 14. Nxc4 Bxc4 15. Bxc4 Nbd5 16. Qa4+ Nc6 17. Rd1 Nb6 18. Rxd8+ Kxd8 19. Qb3 Na5 20. Bxa5 1-0

[Event "*** Titled Tuesday Blitz"]
[Site "Chess.com"]
[Date "2020.04.14"]
[Round "1"]
[White "Rokis13"]
[Black "BilodeauA"]
[Result "0-1"]
[WhiteElo "2482"]
[BlackElo "2903"]
[TimeControl "180+1"]
[EndTime "10:04:38 PDT"]
[Termination "BilodeauA won by resignation"]

1. e4 e5 2. Nf3 Nc6 3. Bc4 Bc5 4. O-O Nf6 5. d3 d6 6. a3 a6 7. b4 Ba7 8. Nc3 O-O 9. Bg5 h6 10. Bh4 Be6 11. Nd5 g5 12. Nxg5 hxg5 13. Bxg5 Bxd5 14. Bxd5 Kg7 15. Kh1 Ne7 16. f4 Nfxd5 17. exd5 f6 18.
Bh4 Ng6 19. Qg4 f5 20. Bxd8 fxg4 21. Bxc7 exf4 22. Bxd6 Rf5 23. c4 Bd4 24. Rae1 Rh8 25. Re4 Rxh2+ 0-1

[Event "*** Titled Tuesday Blitz"]
[Site "Chess.com"]
[Date "2020.04.14"]
[Round "1"]
[White "lupta_robin"]
[Black "Zaven_ChessMood"]
[Result "0-1"]
[WhiteElo "2479"]
[BlackElo "2896"]
[TimeControl "180+1"]
[EndTime "10:04:38 PDT"]
[Termination "Zaven_ChessMood won by resignation"]

1. e4 c5 2. b3 Nc6 3. Bb2 d6 4. Bb5 Nf6 5. Nc3 Bd7 6. f4 Nd4 7. Bxd7+ Qxd7 8. Nf3 e6 9. d3 Be7 10. O-O O-O 11. Ne2 Nc6 12. Ng3 Rfe8 13. Qe2 b5 14. a4 a6 15. h3 Rac8 16. axb5 axb5 17. Rae1 c4 18. bxc4 bxc4 19. Kh2 cxd3 20. cxd3 Nb4 21. Rc1 Qb5 22. Rfd1 Rxc1 23. Bxc1 Rc8 24. Ne1 h5 25. Be3 h4 26. Nh1 Nxe4 27. Rc1 Nc5 28. Nf2 Ra8 29. Qf3 Nd5 30. Bxc5 dxc5 31. Ng4 Bd6 32. Ne5 Bxe5 33. fxe5 Qb2 0-1

[Event "*** Titled Tuesday Blitz"]
[Site "Chess.com"]
[Date "2020.04.14"]
[Round "1"]
[White "yudinetz"]
[Black "ChessQueen"]
[Result "0-1"]
[WhiteElo "2420"]
[BlackElo "2798"]
[TimeControl "180+1"]
[EndTime "10:04:39 PDT"]
[Termination "ChessQueen won by resignation"]

1. e4 c5 2. Nf3 Nc6 3. d4 cxd4 4. Nxd4 Nf6 5. Nc3 d6 6. Bg5 e6 7. Qd2 a6 8. O-O-O h6 9. Bh4 Nxe4 10. Qe1 Qxh4 11. Nxe4 d5 12. Nxc6 bxc6 13. Nc3 Be7 14. g3 Qb4 15. a3 Qb7 16. f4 O-O 17. Na4 c5 18. Qa5 Rb8 19. b3 c4 20. b4 Qc6 21.
Nb2 Rb5 22. Qa4 a5 23. c3 Bb7 24. Bg2 axb4 25. axb4 Ra8 0-1

[Event "*** Titled Tuesday Blitz"]
[Site "Chess.com"]
[Date "2020.04.14"]
[Round "1"]
[White "GMNeiksans"]
[Black "michaelk123"]
[Result "1-0"]
[WhiteElo "2854"]
[BlackElo "2453"]
[TimeControl "180+1"]
[EndTime "10:04:41 PDT"]
[Termination "GMNeiksans won by resignation"]

1. e4 c6 2. d4 d5 3. exd5 cxd5 4.
Bd3 Nc6 5. c3 Qc7 6. Ne2 Bg4 7.
O-O Nf6 8. Qe1 e6 9. Bg5 Be7 10. f3 Bh5 11. Qh4 Bg6 12. Bxg6 fxg6 13. Nf4 e5 14. Nxg6 Kf7 15. Nxh8+ Rxh8 16. Nd2 h6 17. Nb3 Rh7 18. Bxf6 Bxf6 19. Qf2 h5 20. Rad1 e4 21.
fxe4 dxe4 22. Nc5 Ne5 1-0

[Event "*** Titled Tuesday Blitz"]
[Site "Chess.com"]
[Date "2020.04.14"]
[Round "1"]
[White "NastaJ"]
[Black "MaxVavulin"]
[Result "0-1"]
[WhiteElo "1961"]
[BlackElo "2523"]
[TimeControl "180+1"]
[EndTime "10:04:43 PDT"]
[Termination "MaxVavulin won by resignation"]

1. e4 g6 2. d4 Bg7 3. Nf3 d6 4. Nc3 a6 5. a4 b6 6. Bc4 e6 7. O-O Bb7 8. Bg5 Ne7 9. Re1 h6 10. Bh4 Nd7 11. Qd2 g5 12. Bg3 Nf6 13. h3 O-O 14.
Nh2 Nh5 15. Ng4 Nxg3 16. fxg3 Kh8 17. h4 f5 18. Nf2 fxe4 19. Ncxe4 d5 20. hxg5 dxe4 21.
gxh6 Bxd4 0-1

[Event "*** Titled Tuesday Blitz"]
[Site "Chess.com"]
[Date "2020.04.14"]
[Round "1"]
[White "gmjoey1"]
[Black "narutosmith"]
[Result "1-0"]
[WhiteElo "2565"]
[BlackElo "2176"]
[TimeControl "180+1"]
[EndTime "10:04:44 PDT"]
[Termination "gmjoey1 won by resignation"]

1. e4 c5 2. c3 d5 3. exd5 Qxd5 4. d4 Nf6 5. Nf3 e6 6. Na3 Nc6 7. Be3 cxd4 8. Nb5 Qd8 9. Nbxd4 Bd7 10. Bd3 Be7 11. O-O O-O 12. Qe2 Ng4 13. Bf4 Bc5 14. Rad1 Qe7 15. Bxh7+ Kh8 16. Nxc6 Bxc6 17. Be4 Bxe4 18.
Qxe4 f6 19. b4 f5 20. Qe2 Bb6 21. Bd6 Qf6 22. Bxf8 Rxf8 23. h3 Nh6 24. Ne5 1-0

[Event "*** Titled Tuesday Blitz"]
[Site "Chess.com"]
[Date "2020.04.14"]
[Round "1"]
[White "VerdeNotte"]
[Black "mathapples"]
[Result "1-0"]
[WhiteElo "2681"]
[BlackElo "2335"]
[TimeControl "180+1"]
[EndTime "10:04:47 PDT"]
[Termination "VerdeNotte won by checkmate"]

1. e4 c6 2. d4 d5 3. e5 Bf5 4. h4 h5 5. Bd3 Bxd3 6. Qxd3 e6 7. Bg5 Qa5+ 8. Nd2 Qa6 9. c4 Nd7 10. Ne2 Bb4 11. b3 Ne7 12. O-O Nf5 13. Ng3 Nxg3 14.
fxg3 Be7 15. Rxf7 Kxf7 16. Rf1+ Ke8 17. Qg6+ Kd8 18. Bxe7+ Kc7 19. Bd6+ Kc8 20. Rf7 Qxa2 21. Rxd7 Qxd2 22. Qxe6 Qxd4+ 23. Kh2 Qg4 24. Rd8+ Kxd8 25. Qe7+ Kc8 26. Qc7# 1-0

[Event "*** Titled Tuesday Blitz"]
[Site "Chess.com"]
[Date "2020.04.14"]
[Round "1"]
[White "tonyq11"]
[Black "StegariuVlad"]
[Result "1-0"]
[WhiteElo "2254"]
[BlackElo "2587"]
[TimeControl "180+1"]
[EndTime "10:04:47 PDT"]
[Termination "tonyq11 won by resignation"]

1. d4 Nf6 2. c4 e6 3. Nc3 d5 4. Nf3 Bb4 5. Qc2 O-O 6. Bg5 h6 7. Bxf6 Qxf6 8. e3 c5 9. a3 Bxc3+ 10. Qxc3 dxc4 11. Bxc4 b6 12. dxc5 Qxc3+ 13. bxc3 bxc5 14.
O-O Ba6 15. Bxa6 Nxa6 16. c4 Rab8 17. Rab1 f6 18. Rfd1 Rfd8 19. h4 Kf8 20. Rxb8 Rxb8 21. Rd7 Ra8 22. h5 Nb8 23. Rc7 Na6 24. Rc6 Nb8 25.
Rxc5 Nd7 26. Rc7 Ke7 27. Nh4 Kd6 28. Rb7 Kc6 29. Rb3 Nb6 30. Nf3 Nxc4 31. Nd4+ Kd5 32. Rb7 Nxa3 33. Rxg7 a5 34. Rd7+ Kc4 35. Nxe6 a4 36. Rd4+ Kb5 37. Nc7+ 1-0

[Event "*** Titled Tuesday Blitz"]
[Site "Chess.com"]
[Date "2020.04.14"]
[Round "1"]
[White "bmt011"]
[Black "Harry_Rakkel"]
[Result "0-1"]
[WhiteElo "1983"]
[BlackElo "2523"]
[TimeControl "180+1"]
[EndTime "10:04:47 PDT"]
[Termination "Harry_Rakkel won on time"]

1. d4 Nf6 2. Bf4 b6 3. e3 Bb7 4. Nf3 d6 5. Bd3 Nbd7 6. h3 g6 7. O-O Bg7 8. a4 a5 9. c4 e6 10. Nc3 O-O 11. e4 h6 12. Bh2 Qe7 13. e5 Ne8 14. Be4 Bxe4 15. Nxe4 f5 16. exf6 Nexf6 17. Nxf6+ Rxf6 18. Qe2 Raf8 19. Rae1 Qf7 20. d5 e5 21. Nd2 Nc5 22. Ne4 Nxe4 23. Qxe4 Rxf2 24. Qd3 e4 0-1

[Event "*** Titled Tuesday Blitz"]
[Site "Chess.com"]
[Date "2020.04.14"]
[Round "1"]
[White "bancsoo"]
[Black "Hadza_3"]
[Result "1-0"]
[WhiteElo "2765"]
[BlackElo "2399"]
[TimeControl "180+1"]
[EndTime "10:04:48 PDT"]
[Termination "bancsoo won by resignation"]

1. d4 Nf6 2. Nf3 e6 3. g3 b6 4. Bg2 Bb7 5. O-O d6 6. c4 Nbd7 7. Nc3 Be7 8. d5 e5 9. e4 h6 10. h3 Nh7 11. Be3 Ng5 12. Nd2 Bf6 13. f4 Nh7 14. Nf3 Qe7 15. Qc2 a6 16. Rae1 g5 17.
fxe5 Bxe5 18. Nxe5 Nxe5 19. Bd4 Nf8 20. Nd1 Nfg6 21.
Ne3 Bc8 22. Nf5 Qf8 23. b4 Bd7 24. c5 bxc5 25. bxc5 Bb5 26. cxd6 cxd6 27. Qc7 Rd8 28. Bb6 1-0

[Event "*** Titled Tuesday Blitz"]
[Site "Chess.com"]
[Date "2020.04.14"]
[Round "1"]
[White "Fighterman91"]
[Black "I_like_Kasparov"]
[Result "1-0"]
[WhiteElo "2704"]
[BlackElo "2353"]
[TimeControl "180+1"]
[EndTime "10:04:48 PDT"]
[Termination "Fighterman91 won by resignation"]

1. d4 d5 2. Bf4 c5 3. e3 Nc6 4.
Nf3 Nf6 5. Nbd2 e6 6. c3 cxd4 7. exd4 Nh5 8. Be3 Bd6 9. Bd3 g6 10. Qe2 f5 11. Bh6 Nf4 12. Bxf4 Bxf4 13. h4 h5 14. g3 Bh6 15. Ne5 Nxe5 16. Qxe5 Rh7 17. f4 Bf8 18. Nf3 Bd6 19. Qe2 Qc7 20. O-O Re7 21.
Rfe1 Kf7 22. a4 b6 23. Ba6 Bd7 24. Bb5 Bxb5 25. axb5 Rae8 26. Ra4 Kg8 27. Rea1 Bxf4 28.
gxf4 Qxf4 29. Rxa7 Qg4+ 30. Qg2 Kh7 31. Ne5 Qxg2+ 32.
Kxg2 Rxa7 33. Rxa7+ Kg8 34. Kf3 Rc8 35. Kf4 1-0

[Event "*** Titled Tuesday Blitz"]
[Site "Chess.com"]
[Date "2020.04.14"]
[Round "1"]
[White "temiksmozg"]
[Black "Setne007"]
[Result "1-0"]
[WhiteElo "2634"]
[BlackElo "2286"]
[TimeControl "180+1"]
[EndTime "10:04:50 PDT"]
[Termination "temiksmozg won by resignation"]

1. d4 d6 2. e4 Nf6 3. Nc3 e5 4. Nf3 Nbd7 5. Bc4 Be7 6. O-O O-O 7. Re1 c6 8. a4 b6 9. Bg5 a6 10. Bxf6 Bxf6 11. d5 c5 12. Nd2 Bg5 13. Be2 Bxd2 14. Qxd2 Nf6 15. Rab1 Qc7 16. Qe3 Bd7 17. f3 Rab8 18. Rec1 b5 19. axb5 axb5 20. b4 cxb4 21. Na2 Qc5 22. Kf2 Rfc8 23. Nxb4 Qxe3+ 24. Kxe3 Rc3+ 25. Kd2 Rbc8 26. Ra1 Nh5 27. Ra6 f5 28. Rxd6 R8c7 29. Nc6 fxe4 30. Kxc3 1-0

[Event "*** Titled Tuesday Blitz"]
[Site "Chess.com"]
[Date "2020.04.14"]
[Round "1"]
[White "FROGGY64"]
[Black "aleksa74"]
[Result "0-1"]
[WhiteElo "2379"]
[BlackElo "2732"]
[TimeControl "180+1"]
[EndTime "10:04:53 PDT"]
[Termination "aleksa74 won by resignation"]

1. d4 Nf6 2. c4 c5 3. d5 d6 4. Nc3 g6 5. g3 e6 6. Bg2 exd5 7.
cxd5 Bg7 8. Nf3 O-O 9. O-O Re8 10. Nd2 a6 11. a4 Nbd7 12. h3 Rb8 13. e4 b5 14. axb5 axb5 15. Kh2 c4 16. Ne2 Nc5 17.
Nd4 Bd7 18. N2f3 Nfxe4 19. Bf4 Nd3 20. Bc1 Nexf2 21. Qc2 Ne4 22. b3 Qb6 23. Be3 Nxg3 24. Ne6 Nxf1+ 25. Rxf1 Qxe3 26. Nxg7 Kxg7 27. bxc4 Nf4 28.
Re1 Qd3 29. Qb2+ f6 30. Rxe8 Rxe8 31. Nd4 Nxg2 32. Kxg2 Qxh3+ 33. Kf2 Qh2+ 0-1

[Event "*** Titled Tuesday Blitz"]
[Site "Chess.com"]
[Date "2020.04.14"]
[Round "1"]
[White "JelenaKarleusa-SO-18"]
[Black "onnoelgersma"]
[Result "1-0"]
[WhiteElo "2712"]
[BlackElo "2363"]
[TimeControl "180+1"]
[EndTime "10:04:56 PDT"]
[Termination "JelenaKarleusa-SO-18 won by resignation"]

1. e4 c6 2. d4 d5 3. e5 Bf5 4. h4 h5 5. c4 e6 6. Nc3 Ne7 7. Nge2 Nd7 8. Ng3 Bg6 9. Bg5 Qb6 10. Qd2 dxc4 11. Bxc4 Nd5 12. O-O a5 13. Rac1 Bb4 14.
a3 Bf8 15. Nce4 a4 16. Rfd1 Qa5 17. Qe2 N7b6 18. Bd3 Nd7 19. Nd6+ Bxd6 20. Bxg6 fxg6 21. exd6 Kf7 22. Rd3 Rae8 23. Rf3+ N5f6 24. Ne4 Rhf8 25. Nc5 Nxc5 26. dxc5 Kg8 27. Bxf6 Rxf6 28. Rxf6 gxf6 29. d7 Re7 30. Qd3 Qd8 31. Qxg6+ Rg7 32. Qe8+ 1-0

[Event "*** Titled Tuesday Blitz"]
[Site "Chess.com"]
[Date "2020.04.14"]
[Round "1"]
[White "Firegrizzly"]
[Black "queen_iryna"]
[Result "1-0"]
[WhiteElo "2581"]
[BlackElo "2202"]
[TimeControl "180+1"]
[EndTime "10:05:04 PDT"]
[Termination "Firegrizzly won by resignation"]

1. d4 d6 2. e4 Nf6 3. Nc3 e5 4. Nf3 Nbd7 5. Bc4 Be7 6. O-O O-O 7. h3 c6 8. a4 h6 9. Re1 Re8 10. a5 Bf8 11. d5 b5 12. dxc6 bxc4 13. cxd7 Bxd7 14.
Qe2 Qc7 15. Nh4 g6 16. Qf3 Re6 17. g4 Bg7 18. Ng2 Bc6 19. Ne3 Bb7 20. Ned5 Nxd5 21. exd5 Ree8 22. Be3 Bc8 23. Qg2 Bd7 24. h4 Rab8 25.
g5 h5 26. Ra2 Bf5 27. Re2 Rb4 28. Ne4 Qb8 29. Nf6+ Bxf6 30. gxf6 Qd8 31. Qg5 Bg4 32. f3 Bxf3 33. Rf2 Bxd5 34. Qh6 1-0

[Event "*** Titled Tuesday Blitz"]
[Site "Chess.com"]
[Date "2020.04.14"]
[Round "1"]
[White "TigrVShlyape"]
[Black "binbin239"]
[Result "1-0"]
[WhiteElo "2859"]
[BlackElo "2456"]
[TimeControl "180+1"]
[EndTime "10:05:05 PDT"]
[Termination "TigrVShlyape won by resignation"]

1. d4 Nf6 2. Nf3 g6 3. Bf4 Bg7 4. c3 c5 5. e3 cxd4 6. exd4 d6 7.
h3 O-O 8. Be2 Be6 9. O-O Nc6 10.
Nbd2 Qb6 11. Qb1 Bf5 12. Nc4 Qc7 13. Qd1 b5 14. Ne3 Bd7 15. Bxb5 Rab8 16. a4 Rfc8 17. Qe2 Nd8 18. Ba6 Nb7 19. Rfc1 Bc6 20. b4 Nd5 21. Nxd5 Bxd5 22. Nd2 Re8 23. c4 Bc6 24. Be3 e5 25. d5 Bd7 26. c5 Bf5 27. c6 Nd8 28. b5 e4 29. Rab1 Re5 30. a5 Rxd5 31. b6 1-0

[Event "*** Titled Tuesday Blitz"]
[Site "Chess.com"]
[Date "2020.04.14"]
[Round "1"]
[White "KoustavChatterjee1"]
[Black "Kotofeyca"]
[Result "1-0"]
[WhiteElo "2722"]
[BlackElo "2373"]
[TimeControl "180+1"]
[EndTime "10:05:05 PDT"]
[Termination "KoustavChatterjee1 won by resignation"]

1. d4 d5 2. c4 c6 3. Nc3 Nf6 4. e3 a6 5. Qc2 Bg4 6. Bd3 e6 7. h3 Bh5 8. Nge2 Bg6 9. c5 Bxd3 10.
Qxd3 e5 11. dxe5 Nfd7 12. f4 Nxc5 13. Qc2 f6 14. O-O Nbd7 15. e4 Nxe4 16. Nxe4 dxe4 17. Qxe4 Nc5 18. Qf3 f5 19. Be3 Ne6 20. g4 fxg4 21. Qxg4 Nc5 22. Rad1 Qc8 23. f5 g6 24. e6 Qc7 25. f6 Bd6 26. f7+ Kd8 27. Bxc5 1-0

[Event "*** Titled Tuesday Blitz"]
[Site "Chess.com"]
[Date "2020.04.14"]
[Round "1"]
[White "ItsCheckM8Mate"]
[Black "Ziachess74"]
[Result "0-1"]
[WhiteElo "2127"]
[BlackElo "2551"]
[TimeControl "180+1"]
[EndTime "10:05:05 PDT"]
[Termination "Ziachess74 won by resignation"]

1. e4 c5 2. Nf3 d6 3. d4 cxd4 4. Nxd4 Nf6 5. Nc3 Nc6 6. Bg5 e6 7. Qd3 a6 8. Nxc6 bxc6 9. O-O-O Bd7 10. Qg3 Be7 11. Be2 a5 12. e5 dxe5 13. Qxe5 h6 14. Bh4 a4 15. Bf3 a3 16. b3 Qa5 17. Qxa5 Rxa5 18. Na4 Nd5 19. Bxe7 Kxe7 20. c4 Nb4 21. Kb1 Rb8 22. Ka1 Rxa4 0-1

[Event "*** Titled Tuesday Blitz"]
[Site "Chess.com"]
[Date "2020.04.14"]
[Round "1"]
[White "gmelviro"]
[Black "nfds"]
[Result "0-1"]
[WhiteElo "2191"]
[BlackElo "2577"]
[TimeControl "180+1"]
[EndTime "10:05:06 PDT"]
[Termination "nfds won by resignation"]

1. c4 e5 2. g3 Nc6 3. Bg2 Nf6 4. Nc3 Bc5 5. e3 O-O 6. Nge2 d6 7. O-O Re8 8. d4 exd4 9. exd4 Bb6 10. h3 Bf5 11. Be3 Qd7 12. Kh2 Ne4 13. Nd5 Ne7 14. Nxb6 axb6 15. Nc3 Nxc3 16. bxc3 Nc6 17. Re1 Be4 18. Bf1 Qf5 19. Qg4 Qf6 20. Bg5 Qxf2+ 0-1

[Event "*** Titled Tuesday Blitz"]
[Site "Chess.com"]
[Date "2020.04.14"]
[Round "1"]
[White "silverback96"]
[Black "Chessmasterzt"]
[Result "1-0"]
[WhiteElo "2179"]
[BlackElo "2538"]
[TimeControl "180+1"]
[EndTime "10:05:06 PDT"]
[Termination "silverback96 won by checkmate"]

1. d4 Nf6 2. c4 c5 3. d5 b5 4. cxb5 a6 5. bxa6 g6 6. Nc3 Bxa6 7. e4 Bxf1 8. Kxf1 d6 9. Nf3 Bg7 10. g3 O-O 11. Kg2 Qb6 12. Qe2 Na6 13. Nb5 Rfb8 14. a4 Nc7 15. Nxc7 Qxc7 16. Nd2 Rb4 17. Nc4 Rbxa4 18.
Rxa4 Rxa4 19. b3 Rb4 20. Qc2 Qb8 21. Na5 Rxe4 22. Nc6 Qb7 23. Bg5 Rg4 24. Bxf6 Bxf6 25. f4 e6 26. Qc4 exd5 27. Qxd5 Qb5 28. Re1 Bh4 29. Qxd6 Qxb3 30. Re8+ Kg7 31. Qf8+ Kf6 32. Qh8+ Kf5 33. Qe5# 1-0

[Event "*** Titled Tuesday Blitz"]
[Site "Chess.com"]
[Date "2020.04.14"]
[Round "1"]
[White "swisspower96"]
[Black "joksijoksi"]
[Result "1-0"]
[WhiteElo "2660"]
[BlackElo "2311"]
[TimeControl "180+1"]
[EndTime "10:05:07 PDT"]
[Termination "swisspower96 won by resignation"]

1. d4 Nf6 2. c4 g6 3. Nc3 Bg7 4. e4 d6 5. h3 O-O 6. Be3 e5 7. d5 Na6 8. g4 Nc5 9. f3 c6 10. Nge2 cxd5 11. cxd5 a5 12. Ng3 Bd7 13. h4 a4 14. Qd2 Qa5 15. Be2 b5 16. Kf2 b4 17. Nd1 Bxg4 18. Kg2 Bd7 19. Bh6 b3 20. Nc3 bxa2 21. Rxa2 Nb3 22. Qg5 Nd4 23. h5 Qb4 24. Bxg7 Kxg7 25. h6+ 1-0

[Event "*** Titled Tuesday Blitz"]
[Site "Chess.com"]
[Date "2020.04.14"]
[Round "1"]
[White "karwowskikacper"]
[Black "kleinebeer98"]
[Result "0-1"]
[WhiteElo "2364"]
[BlackElo "2711"]
[TimeControl "180+1"]
[EndTime "10:05:08 PDT"]
[Termination "kleinebeer98 won by resignation"]

1. e4 c5 2. Nf3 e6 3. d4 cxd4 4. Nxd4 Nc6 5. Nc3 Qc7 6. Be3 a6 7. Bd3 Nf6 8. O-O b5 9. a3 Bb7 10. h3 Nxd4 11. Bxd4 Bc5 12. Bxc5 Qxc5 13. Qe2 Nh5 14.
Rad1 Ng3 15. Qg4 Nxf1 16. Bxf1 Qe5 17. f4 h5 18. Qg3 Qc5+ 19. Kh1 g6 20. Be2 O-O-O 21. Bf3 Qe3 22. Re1 h4 23. Rxe3 hxg3 24. Be2 d5 25. exd5 exd5 26. Rxg3 d4 27. Na2 Rde8 28.
Bd3 Re1+ 29. Kh2 Ra1 30. Nb4 a5 31. Bxb5 axb4 32. axb4 Rc1 0-1

[Event "*** Titled Tuesday Blitz"]
[Site "Chess.com"]
[Date "2020.04.14"]
[Round "1"]
[White "Morshynska"]
[Black "IljaJoke"]
[Result "1/2-1/2"]
[WhiteElo "2093"]
[BlackElo "2522"]
[TimeControl "180+1"]
[EndTime "10:05:09 PDT"]
[Termination "Game drawn by repetition"]

1. d4 Nf6 2. c4 c5 3. Nf3 cxd4 4.
Nxd4 e5 5. Nc2 d5 6. cxd5 Qxd5 7.
Qxd5 Nxd5 8. e4 Nb4 9. Nxb4 Bxb4+ 10. Bd2 Bxd2+ 11. Kxd2 O-O 12. Bc4 Nc6 13. Nc3 Nd4 14.
Rac1 Bd7 15. Bd5 Rab8 16. Ke3 g6 17. f4 Nc6 18. Bxc6 Bxc6 19. fxe5 Rfe8 20. Kf4 Kg7 21.
h4 h6 22. Rhe1 Re6 23. Nd5 Rd8 24. Rcd1 g5+ 25. hxg5 hxg5+ 26. Kxg5 Rg6+ 27. Kf4 Rxg2 28. Rg1 Rxg1 29. Rxg1+ Kf8 30. Rh1 Kg7 31. Rg1+ Kf8 32.
Rh1 Kg7 33. Rg1+ 1/2-1/2

[Event "*** Titled Tuesday Blitz"]
[Site "Chess.com"]
[Date "2020.04.14"]
[Round "1"]
[White "keepitcool9499"]
[Black "SketchyMoves"]
[Result "0-1"]
[WhiteElo "2282"]
[BlackElo "2629"]
[TimeControl "180+1"]
[EndTime "10:05:10 PDT"]
[Termination "SketchyMoves won by resignation"]

1. d4 e6 2. c4 Bb4+ 3. Bd2 Qe7 4. a3 Bxd2+ 5. Qxd2 d6 6. Nc3 Nf6 7. e4 e5 8. d5 a5 9. g3 Nbd7 10. Bg2 Nc5 11.
Nge2 Nb3 12. Qd1 Nxa1 13. Qxa1 O-O 14. O-O a4 15. Qd1 Bd7 16. Nb5 Bxb5 17. cxb5 Nd7 18. Nc3 Nc5 19. f4 b6 20. Kh1 f5 21. exf5 Rxf5 22. Ne4 exf4 23. Nxc5 bxc5 24. Re1 Re5 25. Rxe5 Qxe5 26. gxf4 Qxf4 27. Qe1 Rf8 28. Qe6+ Kh8 29. h3 Qc1+ 30. Kh2 Qxb2 31. Qe7 Qe5+ 32. Qxe5 dxe5 33. Kg3 c4 34. d6 cxd6 35. b6 c3 36. Be4 Rb8 37. b7 Rxb7 38. Bxb7 c2 0-1

[Event "*** Titled Tuesday Blitz"]
[Site "Chess.com"]
[Date "2020.04.14"]
[Round "1"]
[White "cassoulet"]
[Black "Godzillator"]
[Result "1-0"]
[WhiteElo "2717"]
[BlackElo "2370"]
[TimeControl "180+1"]
[EndTime "10:05:11 PDT"]
[Termination "cassoulet won by resignation"]

1. e4 c6 2. d4 d5 3. Nc3 dxe4 4. Nxe4 Bf5 5. Ng3 Bg6 6. Nf3 e6 7. h4 h6 8. h5 Bh7 9. Bd3 Bxd3 10. Qxd3 Nf6 11.
Bf4 Bb4+ 12. c3 Bd6 13. Be5 Bxe5 14. Nxe5 Nbd7 15. O-O-O O-O 16. f4 Nxe5 17. fxe5 Nd5 18. Ne4 Kh8 19. Rdf1 Rc8 20. g4 c5 21. dxc5 Ne7 22.
Nd6 Kg8 23. g5 Nf5 24. gxh6 Nxh6 25. Rhg1 Rxc5 26. Qe3 Qc7 27. Qxh6 Rxc3+ 28. Kb1 1-0

[Event "*** Titled Tuesday Blitz"]
[Site "Chess.com"]
[Date "2020.04.14"]
[Round "1"]
[White "viktorko131"]
[Black "RATNAKARAN"]
[Result "0-1"]
[WhiteElo "2146"]
[BlackElo "2556"]
[TimeControl "180+1"]
[EndTime "10:05:12 PDT"]
[Termination "RATNAKARAN won on time"]

1. e4 e6 2. d4 d5 3. Nd2 Nf6 4.
e5 Nfd7 5. Bd3 c5 6. c3 Nc6 7.
Ne2 cxd4 8. cxd4 f6 9. exf6 Nxf6 10. O-O Bd6 11. Nf3 Qc7 12. Bg5 O-O 13. Bh4 Nh5 14. Qc2 h6 15. Bh7+ Kh8 16. Bg6 Rxf3 17. Bxh5 Bxh2+ 18. Kh1 Rf5 19. Bg6 Bd6 20. Bxf5 exf5 21. Bg3 f4 22.
Nxf4 Bxf4 23. Rae1 Bd7 24. Re3 Bxg3 25. fxg3 Qd6 26. Rf7 Be8 27. Rxb7 Bg6 28. Qd2 Rf8 29. b4 Be4 30. b5 Ne7 31. Rxa7 Nf5 32. Rxe4 Nxg3+ 0-1